AoeStats
← [CL] DarKnight23

Arabia

511463554Analyzed
1v1 RM · 11d ago on Oct 5, 2026· 43m 8s· 2 players
Game mode
Random Map
Map size
Tiny (2 player)
Population
200
Speed
Normal
Resources
Standard
Victory
Conquest
Starting age
Dark Age
Ending age
Imperial Age
RankedLock teamsTeams togetherTeam positionsShared explorationLock speedFull tech treeHidden civsTurbo modeCheats
Victory
Defeat
🇲🇽 Koreans · Mexico
1475
+15
vs
🇺🇸 Armenians · United States
1452
-15
La200
5:58 Loom
8:25 Feudal Age
8:31 Man-at-Arms
11:53 Double-Bit Axe
15:23 Horse Collar
16:38 Fletching
17:56 Padded Archer Armor
22:47 Castle Age
21:17 Gold Mining
23:22 Bodkin Arrow
22:51 Crossbowman
24:04 Leather Archer Armor
25:38 Ballistics
25:30 Town Watch
32:03 Wheelbarrow
31:42 Bow Saw
40:18 Imperial Age
38:27 Stone Mining
38:44 Heavy Plow
38:15 Elite Skirmisher
39:55 Masonry
41:08 Bracer
42:24 Chemistry
42:58 Ring Archer Armor
[CL] DarKnight23
6:42 Loom
9:15 Feudal Age
9:55 Double-Bit Axe
16:40 Fletching
22:28 Castle Age
22:35 Crossbowman
23:11 Bodkin Arrow
22:40 Elite Skirmisher
23:36 Bow Saw
25:46 Town Watch
26:36 Wheelbarrow
26:25 Horse Collar
26:37 Gold Mining
27:51 Ballistics
35:50 Thumb Ring
38:26 Imperial Age
38:27 Hand Cart
38:35 Stone Mining
39:43 Bracer
40:56 Gold Shaft Mining
40:59 Stone Shaft Mining
41:53 Two-Man Saw
41:39 Arson
43:58 Chemistry
42:38 Treadmill Crane
43:09 Masonry
Connection lost

Rejoining the realm…

Still unreachable

The connection could not be restored.

Session expired

The server has moved on; the page needs a fresh start.